 Dungeon Crawl Stone Soup version 0.22-a0-157-g169b76a (webtiles) character file.

3376 tilp the Grappler (level 9, -2/96 HPs)
             Began as a Troll Monk on Feb 9, 2018.
             Was a Follower of Fedhas.
             Slain by a sky beast (5 damage)
             ... on level 8 of the Dungeon.
             The game lasted 00:19:18 (5706 turns).

tilp the Grappler (Troll Monk)                      Turns: 5706, Time: 00:19:19

Health: -2/96      AC: -1    Str: 21    XL:     9   Next: 74%
Magic:  9/10       EV: 11    Int:  6    God:    Fedhas [*.....]
Gold:   394        SH:  0    Dex: 15    Spells: 8/8 levels left

rFire    . . .     SeeInvis .     - Unarmed
rCold    . . .     Gourm    +   (no shield)
rNeg     . . .     Faith    .   a - +1 robe
rPois    .         Spirit   .   (helmet restricted)
rElec    .         Reflect  .   C - +0 cloak
rCorr    .         Harm     .   (gloves unavailable)
MR       +....                  (boots unavailable)
Stlth    ++........             (no amulet)
HPRegen  0.66/turn              (no ring)
MPRegen  0.12/turn              e - ring of protection from magic

@: corroded
A: large, unfitting armour, claws 3, fast metabolism 3, gourmand, regeneration
1, shaggy fur 1, tough skin 2
a: Fungal Bloom, Evolution, Renounce Religion


You were on level 8 of the Dungeon.
You worshipped Fedhas.
Fedhas was aware of your devotion.
You were completely stuffed.

You visited 2 branches of the dungeon, and saw 9 of its levels.
You also visited: Sewer.

You collected 394 gold pieces.

Inventory:

Hand Weapons
 h - the +10 dagger "Death Rattle" {freeze, +Inv Str+3 Dex+4, unknown}
   (You found it on level 7 of the Dungeon)

   It has been specially enchanted to freeze those struck by it, causing extra
   injury to most foes and up to half again as much damage against particularly
   susceptible opponents.
   It can also slow down cold-blooded creatures.
   It affects your strength (+3).
   It affects your dexterity (+4).
   It lets you turn invisible.
 n - a +0 hunting sling
Missiles
 d - 11 tomahawks
 l - 341 stones
 s - 34 sling bullets
 z - 5 large rocks (quivered)
Armour
 a - a +1 robe (worn)
 C - a +0 cloak (worn)
Jewellery
 c - an uncursed ring of ice
 e - a ring of protection from magic (right claw)
Wands
 v - a wand of random effects (22)
 E - a wand of clouds (4)
Scrolls
 g - 2 scrolls of enchant weapon
 m - 2 scrolls of enchant armour
 p - a scroll of amnesia {unknown}
 q - 4 scrolls of remove curse
 F - a scroll of magic mapping
 G - a scroll of immolation {unknown}
Potions
 f - a potion of invisibility
 i - a potion of brilliance
 j - 2 potions of curing {unknown}
 k - 9 potions of heal wounds
 o - 3 potions of might
 r - a potion of flight {unknown}
 t - a potion of cancellation {unknown}
 u - 5 potions of agility
 w - 2 potions of mutation {unknown}
 A - a potion of ambrosia {unknown}
 D - 2 potions of resistance {unknown}
Books
 x - a book of Cantrips

   Spells                             Type                      Level
   a - Confusing Touch                Hexes                        1
   b - Animate Skeleton               Necromancy                   1
   c - Summon Small Mammal            Summoning                    1
   d - Apportation                    Translocation                1
 y - a book of Misfortune

   Spells                             Type                      Level
   a - Confusing Touch                Hexes                        1
   b - Confuse                        Hexes                        3
   c - Gell's Gravitas                Translocation                3
   d - Petrify                        Transmutation/Earth          4
   e - Metabolic Englaciation         Hexes/Ice                    5
   f - Yara's Violent Unravelling     Hexes/Transmutation          5
Comestibles
 b - 19 rations
 B - a chunk of flesh


   Skills:
 - Level 8.0 Fighting
 - Level 2.4 Dodging
 - Level 1.0 Stealth
 - Level 10.1 Unarmed Combat
 + Level 3.6 Invocations


You had 8 spell levels left.
You didn't know any spells.

Dungeon Overview and Level Annotations

Branches:
Dungeon (8/15)             Temple (1/1) D:7
   Lair: D:8-11

Altars:
Ashenzari
Cheibriados
Dithmenos
Elyvilon
Fedhas
Gozag
Hepliaklqana
Kikubaaqudgha
Makhleb
Nemelex Xobeh
Okawaru
Ru
Sif Muna
Trog
Uskayaw
Vehumet
Wu Jian
Zin
The Shining One

Annotations:
D:2 1 runed door


Innate Abilities, Weirdness & Mutations

You are too large for most types of armour.
You have claws for hands.
Your metabolism is lightning-fast.
You like to eat raw meat.
Your natural rate of healing is unusually fast.
You are covered in fur. (AC +1)
You have very tough skin. (AC +2)


Message History

You scratch the ogre.
You kill the ogre!
You scratch the sky beast.
The sky beast is moderately wounded.
The sky beast flickers out of sight!
Deactivating autopickup; reactivate with Ctrl-A.
Something hits you.
* * * LOW HITPOINT WARNING * * *
Something shocks you.
* * * LOW HITPOINT WARNING * * *
You scratch something but do no damage. Something hits you.
* * * LOW HITPOINT WARNING * * *
Something shocks you.
* * * LOW HITPOINT WARNING * * *
Unknown command.
You closely miss something. Something hits you.
* * * LOW HITPOINT WARNING * * *
Something shocks you.
You die...
Fedhas appreciates your contribution to the ecosystem.

##.##.#.####.#
#f##.......# .#
#.####.#####...
#<......# ..#
#######.# #.##
#†##... #.'..#
#ff.## #@{..#
####...# ##


You could see 2 friendly wandering mushrooms.

Vanquished Creatures
  A hippogriff (D:7)
  2 hogs (D:7)
  4 ice beasts
  A sky beast (D:8)
  A hornet zombie (D:5)
  A centaur (D:5)
  3 ogres
  2 bullfrogs (D:6)
  3 big kobolds
  A gnoll sergeant (D:7)
  2 water moccasin skeletons
  A scorpion (D:4)
  2 howler monkeys
  A bullfrog zombie (D:5)
  A centaur zombie (D:6)
  3 hounds (D:5)
  4 crimson imps
  2 jellies
  2 orc priests
  A bullfrog skeleton (D:6)
  5 orc wizards
  An iguana (D:7)
  4 worker ants
  A killer bee zombie (D:7)
  10 adders
  3 gnolls (D:7)
  A shadow imp (D:6)
  An ooze (Sewer)
  An adder skeleton (D:4)
  5 worms
  4 dart slugs
  7 leopard geckos
  25 orcs
  9 giant cockroaches
  6 goblins
  7 hobgoblins
  6 jackals
  18 kobolds
  5 quokkas
  2 ball pythons
  8 bats
  5 frilled lizards
  2 jackal skeletons
  5 rats
179 creatures vanquished.

Vanquished Creatures (collateral kills)
  2 hogs (D:7)
  A human (D:7)
  A big kobold (D:8)
  The ghost of anet the Magician, an amateur DEWz (D:3)
  2 bullfrogs
  A howler monkey (D:4)
  A crimson imp (D:8)
  2 orc priests
  2 orc wizards
  An iguana (D:8)
  4 worker ants
  A worm (D:3)
  9 orcs
  2 giant cockroaches (D:4)
  A hobgoblin (D:3)
  2 kobolds
33 creatures vanquished.

Vanquished Creatures (others)
  A hound skeleton (D:7)
  6 wandering mushrooms
  A goblin (D:1)
  8 toadstools
16 creatures vanquished.

Grand Total: 228 creatures vanquished

Notes
Turn   | Place    | Note
-------+----------+-------------------------------------------
     0 | D:1      | tilp the Troll Monk began the quest for the Orb.
     0 | D:1      | Reached XP level 1. HP: 22/22 MP: 0/0
   113 | D:1      | Reached XP level 2. HP: 29/29 MP: 1/1
   432 | D:1      | Reached skill level 4 in Unarmed Combat
   546 | D:1      | You fall through a shaft!
   572 | D:2      | Reached XP level 3. HP: 30/36 MP: 2/2
   616 | D:2      | Reached XP level 4. HP: 39/44 MP: 3/3
  1007 | D:2      | Reached skill level 5 in Unarmed Combat
  1069 | D:2      | Found a blossoming altar of Fedhas.
  1135 | D:2      | Became a worshipper of Fedhas Madash
  1135 | D:2      | Reached * piety under Fedhas
  1135 | D:2      | Reached ** piety under Fedhas
  1443 | D:2      | Found a runed door.
  1708 | D:3      | Reached skill level 6 in Unarmed Combat
  1708 | D:3      | Reached XP level 5. HP: 50/50 MP: 1/4
  1845 | D:3      | Found an opulent altar of Gozag.
  1952 | D:3      | Noticed anet's ghost (amateur DEWz)
  1972 | D:3      | Killed anet's ghost
  2300 | D:4      | Reached XP level 6. HP: 50/59 MP: 2/5
  2348 | D:4      | Reached skill level 7 in Unarmed Combat
  2390 | D:4      | Found a hide-covered altar of Uskayaw.
  2424 | D:4      | Found a glowing drain.
  2432 | Sewer    | Entered a sewer
  2694 | Sewer    | Reached skill level 8 in Unarmed Combat
  2725 | Sewer    | Reached XP level 7. HP: 59/66 MP: 6/6
  3111 | D:4      | Found a hazy altar of Hepliaklqana.
  3179 | D:5      | Entered Level 5 of the Dungeon
  3274 | D:5      | Reached skill level 9 in Unarmed Combat
  3375 | D:5      | Reached XP level 8. HP: 48/74 MP: 7/7
  3456 | D:5      | Reached skill level 10 in Unarmed Combat
  3528 | D:5      | Found a sacrificial altar of Ru.
  4057 | D:6      | Reached skill level 5 in Fighting
  4172 | D:6      | Found an iron altar of Okawaru.
  4462 | D:6      | Reached XP level 9. HP: 51/89 MP: 8/8
  4694 | D:7      | Found an ancient bone altar of Kikubaaqudgha.
  4694 | D:7      | Found a deep blue altar of Sif Muna.
  4898 | D:7      | Found a staircase to the Ecumenical Temple.
  4915 | Temple   | Entered the Ecumenical Temple
  5141 | D:7      | Got a twisted dagger
  5156 | D:7      | Found a white marble altar of Elyvilon.
  5396 | D:7      | Reached skill level 1 in Invocations
  5706 | D:8      | HP: 3/96 [something (5)]
  5706 | D:8      | Slain by a sky beast

Vault maps used:
D:1:      kennysheep_arrival_forest, serial_park_tiny_2, amethyst_killhole,
          lemuel_old_faithful
D:2:      corexii_leaking_fountain, fedhas_altar_2, uniq_crazy_yiuf_cottage
D:3:      grunt_gozag_breadcrumbs, first_ration, minmay_statues_item,
          nrook_mini_backslash, grunt_ministairs_14
D:4:      nicolae_overflow_hidden_temple, eat_drink_and_be_merry_uskayaw,
          portal_sewer_entry_f
D:5:      nicolae_ru_great_annihilating_truth
D:6:      nicolae_overflow_crystal_walls, serial_glass, glass_columns_a,
          glass_columns_c, glass_columns_b, glass_columns_b, glass_columns_b,
          glass_columns_a, glass_columns_a, glass_columns_a, glass_columns_a,
          glass_columns_b, glass_columns_a, glass_columns_c, glass_columns_a,
          glass_columns_b
D:7:      elyvilon_altar_4, amethyst_overflow_temple_binary,
          minmay_temple_entry_large_hall, grunt_livestock
D:8:      gammafunk_beogh_shrine, xom_shifter_show, grunt_qazlal_sundering,
          kennysheep_kite_vault
Temple:   minmay_temple_curvy_loop
Sewer:    kennysheep_pipe_town

Skill      XL: |  1  2  3  4  5  6  7  8  9 |
---------------+----------------------------+-----
Unarmed Combat | 4 6 8 9 10 | 10.1
Fighting       | 6 8 |  8.0
Invocations    | 3 |  3.6
Dodging        | |  2.4
Stealth        | |  1.0

Action                   |  1- 3 |  4- 6 |  7- 9 || total
-------------------------+-------+-------+-------++-------
Melee: Unarmed           |    46 |   180 |   227 ||   453
       Punch             |     1 |     2 |     9 ||    12
Throw: Large rock        |       |       |     1 ||     1
Invok: Sunlight          |       |     6 |       ||     6
       Fungal Bloom      |       |     3 |     4 ||     7
       Evolution         |       |     3 |     7 ||    10
  Use: Scroll            |       |     9 |     4 ||    13
 Stab: Sleeping          |     3 |     1 |     1 ||     5
       Paralysed         |       |       |     1 ||     1
  Eat: Chunk             |    11 |    20 |    27 ||    58
Armor: Robe              |    12 |    79 |    66 ||   157
Dodge: Dodged            |    16 |    95 |   107 ||   218

Table legend:
 A = Spawn XP
 B = Non-spawn XP
 C = Spawn XP percentage of total XP
 D = Spawn monster count
 E = Non-spawn monster count
 F = Spawn count percentage of total count
 G = Total turns spent on level
                    A         B        C        D         E        F      G
               +---------+---------+-------+---------+---------+-------+---------
         Total |       0 |    4823 |   0.0 |       0 |     212 |   0.0 |  5706
               +---------+---------+-------+---------+---------+-------+---------
           D:1 |       0 |      30 |   0.0 |       0 |      16 |   0.0 |   929
           D:2 |       0 |     125 |   0.0 |       0 |      24 |   0.0 |   596
           D:3 |       0 |     212 |   0.0 |       0 |      32 |   0.0 |   769
           D:4 |       0 |     310 |   0.0 |       0 |      24 |   0.0 |   555
           D:5 |       0 |     841 |   0.0 |       0 |      22 |   0.0 |   686
           D:6 |       0 |    1073 |   0.0 |       0 |      35 |   0.0 |   799
           D:7 |       0 |    1537 |   0.0 |       0 |      28 |   0.0 |   789
           D:8 |       0 |     443 |   0.0 |       0 |       7 |   0.0 |    42
         Sewer |       0 |     252 |   0.0 |       0 |      24 |   0.0 |   330
               +---------+---------+-------+---------+---------+-------+---------
